 Dungeon Crawl Stone Soup version 0.31-a0-236-g9a0961fb85 (webtiles) character file.

Game seed: 13009869884829811772

21487 qw the Marksminotaur (level 12, -6/106 HPs)
             Began as a Minotaur Hexslinger on July 10, 2023.
             Was a High Priest of Okawaru.
             Shot with an arrow by something (7 damage)
             ... on level 4 of the Lair of Beasts.
             The game lasted 00:04:33 (10765 turns).

qw the Marksminotaur (Minotaur Hexslinger)         Turns: 10765, Time: 00:04:34

Health: -6/106     AC:  0    Str: 13    XL:     12   Next: 54%
Magic:  15/18      EV: 20    Int: 10    God:    Okawaru [*****.]
Gold:   648        SH:  5    Dex: 18    Spells: 12/13 levels left

rFire   . . .        c - melded +4 hand crossbow (heavy)
rCold   . . .        (shield currently unavailable)
rNeg    . . .        l - melded +3 leather armour {rC+}
rPois   .            (helmet currently unavailable)
rElec   .            g - melded +2 cloak
rCorr   .            p - melded +1 pair of gloves of Festooned the Good {rC+ Str+2}
SInv    .            i - melded +2 pair of boots {Stlth+}
Will    .....        k - amulet of reflection
Stlth   ++           j - melded +6 ring of dexterity
HPRegen 0.37/turn    a - melded ring of willpower
MPRegen 0.16/turn

%: reflection
@: lethally poisoned (-6 -> -26), pig-form, finesse-ful, very quick
A: fast, no casting, small, (horns 2), (retaliatory headbutt)
a: Renounce Religion, Heroism, Finesse, Duel


You were on level 4 of the Lair of Beasts.
You worshipped Okawaru.
Okawaru was extremely pleased with you.
You were a filthy swine.
You visited 2 branches of the dungeon, and saw 13 of its levels.

You collected 840 gold pieces.
You spent 192 gold pieces at shops.


Innate Abilities, Weirdness & Mutations

You are a filthy swine.
You move quickly.
Your equipment is almost entirely melded.
You are incapable of wielding weapons or throwing items.
You cannot cast spells.
((You have a pair of horns on your head.))
((You reflexively headbutt those who attack you in melee.))


   Skills:
 - Level 10.0 Fighting
 + Level 15.6 Ranged Weapons
 - Level 4.0 Armour
 - Level 9.1 Dodging
 - Level 1.0 Spellcasting
 - Level 2.0 Hexes
 - Level 10.0 Invocations


You had 12 spell levels left.
You knew the following spells:

 Your Spells              Type           Power      Damage    Failure   Level
a - Slow                  Hex            16%        N/A       16%         1

Your spell library contained the following spells:

 Spells                   Type           Power      Damage    Failure   Level
 Inner Flame              Hex/Fire       2%         N/A       56%         3
 Portal Projectile        Hex/Tloc       4%         N/A       56%         3
 Cause Fear               Hex            2%         N/A       83%         4

Inventory:

Hand Weapons
 c - a +4 heavy hand crossbow (melded)
Armour
 g - a +2 cloak (melded)
 i - a +2 pair of boots of stealth (melded)
 l - a +3 leather armour of cold resistance (melded)
 p - the +1 pair of gloves of Festooned the Good (melded) {rC+ Str+2}
   (You found it on level 7 of the Dungeon)

   Str:       It affects your strength (+2).
   rC:        It protects you from cold.
 t - the +2 hat of Inevitability {Harm rF+ rN+ Dex+3}
   (Okawaru gifted it to you on level 3 of the Lair of Beasts)

   Dex:       It affects your dexterity (+3).
   rF:        It protects you from fire.
   rN:        It protects you from negative energy.
   Harm:      It increases damage dealt and taken.
Jewellery
 a - a ring of willpower (melded)
 j - a +6 ring of dexterity (melded)
 k - an amulet of reflection (around neck)
Scrolls
 f - 3 scrolls of identify
 n - 6 scrolls of teleportation
 q - a scroll of brand weapon
Potions
 b - 4 potions of mutation
 d - 2 potions of cancellation
 e - a potion of heal wounds
 h - 2 potions of enlightenment
 m - a potion of magic
 s - a potion of haste

Dungeon Overview and Level Annotations

Branches:
Dungeon (9/15)             Temple (0/1) D:7            Lair (4/5) D:9
  Swamp (0/4) Lair:2       Spider (0/4) Lair:2
  Slime: Lair:4-5       Orc: D:9-12

Altars:
Ashenzari
Cheibriados
Makhleb
Okawaru
Trog
Vehumet
Wu Jian
Jiyva

Shops:
D:5 **[*

Annotations:
D:4 1 runed translucent door, qw's ghost, amateur MiHs
D:8 3 runed translucent doors, qw's ghost, novice GrHs
Lair:4 Nessos


Message History

You feel very sick.
You hear a zap.
Something tries to affect you, but you resist.
You hear a bow twang.
An arrow appears from out of thin air!
The arrow completely misses you.
You shoot a bolt.
You feel sick.
You shoot a bolt.
You feel sick.
You shoot a bolt.
You feel sick.
An arrow appears from out of thin air!
You block the arrow with an invisible shield... and reflect it back!
You shoot a bolt.
You feel sick.
An arrow appears from out of thin air!
The arrow hits you! The arrow burns you.
You are more poisoned.
An arrow appears from out of thin air!
The arrow hits you. The arrow burns you.
You shoot a bolt.
You feel sick.
You hear a zap.
You turn into a filthy swine.
Your +4 heavy hand crossbow melds into your body.
Your +2 cloak melds into your body.
The +1 pair of gloves of Festooned the Good {rC+ Str+2} melds into your body.
Your +2 pair of boots of stealth melds into your body.
Your +3 leather armour of cold resistance melds into your body.
Your +6 ring of dexterity melds into your body.
Your ring of willpower melds into your body.
You feel less stealthy.
You feel less resistant to cold.
You feel clumsy.
An arrow appears from out of thin air!
The arrow hits you!! The arrow burns you!
You are lethally poisoned!
10764 ||| DRINKING potion of curing.
You feel better.
10764 ||| (to cure poison)
An arrow appears from out of thin air!
The arrow hits you!! The arrow burns you!
You are lethally poisoned!
There is a lethal amount of poison in your body!
You feel extremely sick.
An arrow appears from out of thin air!
The arrow hits you!
You die...

##..# ##P#.#
#...# ## #
#.#..##
###...#
##..### ##.
#....###...#
#.#.##....#
###.#.....##
#.h.......
##.....#..
.......#
........#
........##
.._.......#
.........###
#...P.....#


There were no monsters in sight!

Vanquished Creatures
  Harold (Lair:1)
  Fannar (Lair:2)
  2 two-headed ogres
  A skyshark (Lair:2)
  2 black mambas (Lair:1)
  10 cane toads
  A torpor snail (Lair:1)
  A rime drake (Lair:1)
  4 komodo dragons
  Maggie (Lair:2)
  Grinder (D:6)
  A tyrant leech (Lair:2)
  7 blink frogs (Lair:3)
  Sigmund (D:6)
  28 yaks
  Eustachio (D:6)
  3 wyverns
  2 basilisks
  3 swamp worms (Lair:2)
  Menkaure (D:6)
  12 water moccasins
  An acid dragon (D:9)
  3 sky beasts
  An orc warrior (D:8)
  2 black bears (Lair:2)
  3 ogres
  4 wolves (Lair:4)
  3 centaurs
  A kobold brigand (D:9)
  7 bullfrogs
  A gnoll sergeant (D:8)
  7 scorpions
  21 wights
  5 killer bees
  A howler monkey (D:6)
  6 hounds
  3 jellies (Lair:4)
  5 orc priests
  2 sleepcaps
  6 orc wizards
  6 iguanas
  5 gnolls (D:8)
  12 adders
  2 ufetubi
  2 worms (D:4)
  4 dart slugs
  22 orcs
  7 ball pythons
  3 endoplasms
  11 goblins
  9 hobgoblins
  6 jackals
  3 quokkas
  4 bats
  4 frilled lizards
  14 kobolds
  7 rats
287 creatures vanquished.

Notes
Turn   | Place    | Note
-------+----------+-------------------------------------------
     0 | D:1      | qw the Minotaur Hexslinger began the quest for the Orb.
     0 | D:1      | Reached XP level 1. HP: 16/16 MP: 1/1
     0 | D:1      | 0 ||| qw: Version: 0.3-a-52-g30416fa
     0 | D:1      | 0 ||| qw: Game counter: 4641
     0 | D:1      | 0 ||| qw: Melee chars always use a shield: true
     0 | D:1      | 0 ||| qw: God list: Okawaru
     0 | D:1      | 0 ||| qw: Allow faded altars: false
     0 | D:1      | 0 ||| qw: Do Orc after clearing Dungeon:15 true
     0 | D:1      | 0 ||| qw: Do second Lair branch before Depths: true
     0 | D:1      | 0 ||| qw: Lair rune preference: random
     0 | D:1      | 0 ||| qw: Goals: Normal
     0 | D:1      | 0 ||| PLANNING D:1-11
   285 | D:1      | Reached skill level 3 in Ranged Weapons
   317 | D:1      | Reached XP level 2. HP: 19/23 MP: 2/2
   897 | D:1      | 897 ||| UPGRADING to +0 pair of gloves.
   902 | D:1      | 902 ||| READING scroll labelled GEOXAE CENU.
   905 | D:1      | 905 ||| READING 2 scrolls labelled LOMURIZXUA.
   906 | D:1      | 906 ||| DROPPING scroll of poison.
  1003 | D:2      | HP: 5/24 [adder (2)]
  1005 | D:2      | Reached XP level 3. HP: 4/29 MP: 3/3
  1006 | D:2      | HP: 2/29 [poisoned by an adder]
  1092 | D:2      | 1092 ||| FLEEEEING.
  1093 | D:2      | 1093 ||| FLEEEEING.
  1094 | D:2      | 1094 ||| FLEEEEING.
  1095 | D:2      | 1095 ||| FLEEEEING.
  1096 | D:2      | 1096 ||| FLEEEEING.
  1097 | D:2      | 1097 ||| FLEEEEING.
  1098 | D:2      | 1098 ||| FLEEEEING.
  1099 | D:2      | 1099 ||| FLEEEEING.
  1100 | D:2      | 1100 ||| FLEEEEING.
  1101 | D:2      | 1101 ||| FLEEEEING.
  1102 | D:2      | 1102 ||| FLEEEEING.
  1103 | D:2      | 1103 ||| FLEEEEING.
  1104 | D:2      | 1104 ||| FLEEEEING.
  1106 | D:2      | 1106 ||| FLEEEEING.
  1107 | D:2      | 1107 ||| FLEEEEING.
  1109 | D:2      | 1109 ||| FLEEEEING.
  1110 | D:2      | 1110 ||| FLEEEEING.
  1111 | D:2      | 1111 ||| FLEEEEING.
  1112 | D:2      | 1112 ||| FLEEEEING.
  1113 | D:2      | 1113 ||| FLEEEEING.
  1114 | D:2      | 1114 ||| FLEEEEING.
  1115 | D:2      | 1115 ||| FLEEEEING.
  1136 | D:2      | Reached skill level 4 in Ranged Weapons
  1476 | D:2      | Found an iron altar of Okawaru.
  1477 | D:2      | 1477 ||| PLANNING OKAWARU WORSHIP
  1477 | D:2      | 1477 ||| UPGRADING to +0 leather armour.
  1487 | D:2      | 1487 ||| DROPPING +0 robe.
  1488 | D:2      | 1488 ||| UPGRADING to +0 pair of boots.
  1493 | D:2      | 1493 ||| READING scroll labelled TENNOR EKAPN.
  1499 | D:2      | Became a worshipper of Warmaster Okawaru
  1500 | D:2      | 1500 ||| PLANNING D:1-11
  1562 | D:2      | 1562 ||| READING scroll of brand weapon.
  1562 | D:2      | 1562 ||| BRANDING +1 sling of freezing.
  1588 | D:2      | Found a faded altar of an unknown god.
  1618 | D:2      | 1618 ||| UPGRADING to +0 ring mail.
  1628 | D:2      | 1628 ||| DROPPING +0 leather armour.
  1717 | D:3      | Reached skill level 1 in Armour
  1717 | D:3      | Reached XP level 4. HP: 36/36 MP: 4/4
  1907 | D:3      | 1907 ||| Stepping ~*~*~tactically~*~*~ (outnumbered).
  1924 | D:3      | Reached skill level 5 in Ranged Weapons
  2061 | D:3      | Reached XP level 5. HP: 35/41 MP: 5/5
  2313 | D:3      | 2313 ||| UPGRADING to +1 cloak.
  2318 | D:3      | 2318 ||| READING 2 scrolls labelled OSIONU ISAPN.
  2319 | D:3      | 2319 ||| READING scroll labelled VULUOH DAU.
  2320 | D:3      | 2320 ||| DROPPING scroll of blinking.
  2389 | D:4      | Reached skill level 3 in Fighting
  2449 | D:4      | Found a radiant altar of Vehumet.
  2468 | D:4      | Reached * piety under Okawaru
  2469 | D:4      | Reached skill level 6 in Ranged Weapons
  2469 | D:4      | Reached XP level 6. HP: 51/51 MP: 6/6
  2525 | D:4      | Reached skill level 1 in Invocations
  2575 | D:4      | Found an ornate altar of the Wu Jian Council.
  2770 | D:4      | Found a runed translucent door.
  2770 | D:4      | Noticed qw's ghost (amateur MiHs)
  2988 | D:4      | 2988 ||| INVOKING Heroism.
  3004 | D:4      | 3004 ||| INVOKING Heroism.
  3006 | D:4      | HP: 4/52 [orc priest/divine providence (12)]
  3007 | D:4      | 3007 ||| READING scroll of teleportation.
  3257 | D:4      | 3257 ||| INVOKING Heroism.
  3329 | D:4      | Found a snail-covered altar of Cheibriados.
  3330 | D:4      | 3330 ||| UPGRADING to amulet of reflection.
  3390 | D:4      | 3390 ||| UPGRADING to +6 ring of dexterity.
  3391 | D:4      | 3391 ||| READING scroll labelled NOGERILORO.
  3433 | D:5      | Entered Level 5 of the Dungeon
  3455 | D:5      | Found Kex Ysuts's General Store.
  3457 | D:5      | Found Ras Xorr's General Store.
  3464 | D:5      | Reached XP level 7. HP: 58/59 MP: 7/7
  3513 | D:5      | Found Ihetoih's Armour Shoppe.
  3513 | D:5      | Found Jionneca's Assorted Antiques.
  3517 | D:5      | 3517 ||| BUYING potion of cancellation (88 gold).
  3517 | D:5      | Bought a potion of cancellation for 88 gold pieces
  3517 | D:5      | 3517 ||| BUYING scroll of enchant weapon (82 gold).
  3517 | D:5      | Bought a scroll of enchant weapon for 82 gold pieces
  3517 | D:5      | 3517 ||| READING scroll of enchant weapon.
  3517 | D:5      | 3517 ||| ENCHANTING +1 sling of draining.
  3519 | D:5      | 3519 ||| INVOKING Heroism.
  3523 | D:5      | Reached skill level 7 in Ranged Weapons
  3542 | D:5      | 3542 ||| SHOPLISTING +2 cloak (231 gold, have 36).
  3542 | D:5      | 3542 ||| SHOPLISTING +2 pair of gloves (231 gold, have 36).
  3542 | D:5      | 3542 ||| SHOPLISTING quicksilver dragon scales of a
                  | Gauntlet {rElec rF+ Will+ Str+3} (1222 gold, have 36).
  3582 | D:5      | 3582 ||| BUYING cyan potion (22 gold).
  3582 | D:5      | Bought a cyan potion for 22 gold pieces
  3582 | D:5      | 3582 ||| SHOPLISTING fluorescent wand (100 gold, have 14).
  3582 | D:5      | 3582 ||| SHOPLISTING pair of embroidered gloves (187 gold,
                  | have 14).
  3582 | D:5      | 3582 ||| SHOPLISTING scroll of teleportation (75 gold, have
                  | 14).
  3586 | D:5      | 3586 ||| SHOPLISTING potion of curing (39 gold, have 14).
  3586 | D:5      | 3586 ||| SHOPLISTING potion of mutation (104 gold, have
                  | 14).
  3689 | D:5      | Reached skill level 3 in Invocations
  3761 | D:5      | 3761 ||| READING scroll labelled IXOPNEWNUL.
  3868 | D:5      | Reached skill level 3 in Dodging
  4077 | D:5      | 4077 ||| UPGRADING to +1 pair of boots of stealth.
  4087 | D:5      | 4087 ||| DROPPING +0 pair of boots.
  4088 | D:5      | 4088 ||| DRINKING 2 white potions.
  4089 | D:5      | 4089 ||| DROPPING potion of attraction.
  4097 | D:5      | 4097 ||| STAIRDANCE
  4379 | D:5      | 4379 ||| READING 2 scrolls of identify.
  4379 | D:5      | 4379 ||| IDENTIFYING cyan potion
  4380 | D:5      | 4380 ||| DROPPING potion of lignification.
  4540 | D:6      | 4540 ||| INVOKING Heroism.
  4559 | D:6      | 4559 ||| INVOKING Heroism.
  4565 | D:6      | Reached XP level 8. HP: 34/66 MP: 6/10
  4584 | D:6      | 4584 ||| INVOKING Heroism.
  4587 | D:6      | Reached skill level 8 in Ranged Weapons
  4746 | D:6      | Noticed Menkaure
  4747 | D:6      | 4747 ||| INVOKING Heroism.
  4750 | D:6      | Killed Menkaure
  4840 | D:6      | 4840 ||| SWAPPING to +0 orcbow.
  4841 | D:6      | 4841 ||| DROPPING +2 sling of draining.
  4860 | D:6      | Noticed Eustachio
  4864 | D:6      | 4864 ||| INVOKING Heroism.
  4879 | D:6      | Killed Eustachio
  4880 | D:6      | Reached skill level 9 in Ranged Weapons
  4904 | D:6      | Reached skill level 3 in Armour
  4952 | D:6      | Noticed Sigmund
  4972 | D:6      | Killed Sigmund
  4972 | D:6      | Reached ** piety under Okawaru
  4973 | D:6      | Reached skill level 6 in Fighting
  5125 | D:6      | Noticed Grinder
  5126 | D:6      | 5126 ||| INVOKING Heroism.
  5131 | D:6      | Paralysed by Grinder for 3 turns
  5140 | D:6      | Killed Grinder
  5141 | D:6      | Reached XP level 9. HP: 67/78 MP: 9/11
  5448 | D:6      | 5448 ||| UPGRADING to +3 leather armour of cold resistance.
  5458 | D:6      | 5458 ||| DROPPING +0 ring mail.
  5459 | D:6      | 5459 ||| UPGRADING to ring of willpower.
  5460 | D:6      | 5460 ||| READING scroll labelled QYF BENTAKKARR.
  5461 | D:6      | 5461 ||| READING 3 scrolls of identify.
  5461 | D:6      | 5461 ||| IDENTIFYING fizzy red potion
  5462 | D:6      | 5462 ||| READING 2 scrolls of identify.
  5462 | D:6      | 5462 ||| IDENTIFYING fizzy golden potion
  5528 | D:7      | Reached skill level 10 in Ranged Weapons
  5556 | D:7      | 5556 ||| SWAPPING to +2 heavy hand crossbow.
  5557 | D:7      | 5557 ||| DROPPING +0 orcbow.
  5587 | D:7      | Identified the +1 pair of gloves of Festooned the Good {rC+
                  | Str+2}
  5600 | D:7      | Reached *** piety under Okawaru
  5602 | D:7      | 5602 ||| INVOKING Heroism.
  5724 | D:7      | Found a staircase to the Ecumenical Temple.
  5833 | D:7      | Reached skill level 11 in Ranged Weapons
  5944 | D:7      | Reached skill level 6 in Dodging
  6115 | D:7      | 6115 ||| UPGRADING to +1 pair of gloves of Festooned the
                  | Good {rC+ Str+2}.
  6125 | D:7      | 6125 ||| DROPPING +0 pair of gloves.
  6126 | D:7      | 6126 ||| READING scroll labelled OJEETAF KACON.
  6240 | D:7      | 6240 ||| READING 3 scrolls of identify.
  6240 | D:7      | 6240 ||| IDENTIFYING fizzy puce potion
  6241 | D:7      | 6241 ||| READING 2 scrolls of identify.
  6241 | D:7      | 6241 ||| IDENTIFYING purple potion
  6242 | D:7      | 6242 ||| DROPPING potion of ambrosia.
  6369 | D:8      | Found a runed translucent gate.
  6381 | D:8      | Found a runed translucent gate.
  6381 | D:8      | Noticed qw's ghost (novice GrHs)
  6382 | D:8      | Found a runed translucent gate.
  6383 | D:8      | Noticed a ten-headed hydra
  6418 | D:8      | Noticed a two-headed ogre
  6419 | D:8      | 6419 ||| INVOKING Heroism.
  6422 | D:8      | Killed a two-headed ogre
  6423 | D:8      | Reached skill level 12 in Ranged Weapons
  6423 | D:8      | Reached XP level 10. HP: 86/86 MP: 9/12
  6548 | D:8      | 6548 ||| INVOKING Heroism.
  6814 | D:8      | 6814 ||| Stepping ~*~*~tactically~*~*~ (outnumbered).
  6816 | D:8      | 6816 ||| Stepping ~*~*~tactically~*~*~ (outnumbered).
  6818 | D:8      | 6818 ||| Stepping ~*~*~tactically~*~*~ (outnumbered).
  6821 | D:8      | 6821 ||| Stepping ~*~*~tactically~*~*~ (outnumbered).
  7102 | D:8      | 7102 ||| DRINKING 2 bubbling amethyst potions.
  7103 | D:8      | 7103 ||| DRINKING 2 glowing coppery potions.
  7104 | D:8      | 7104 ||| READING 4 scrolls of identify.
  7104 | D:8      | 7104 ||| IDENTIFYING viscous orange potion
  7105 | D:8      | 7105 ||| READING 3 scrolls of identify.
  7105 | D:8      | 7105 ||| IDENTIFYING blue potion
  7106 | D:8      | 7106 ||| DROPPING potion of brilliance.
  7107 | D:8      | 7107 ||| DROPPING potion of degeneration.
  7143 | D:9      | 7143 ||| STAIRDANCE
  7146 | D:8      | 7146 ||| INVOKING Heroism.
  7333 | D:9      | Reached **** piety under Okawaru
  7385 | D:9      | Found a staircase to the Lair.
  7426 | D:9      | Reached skill level 13 in Ranged Weapons
  7506 | D:9      | Reached skill level 6 in Invocations
  7595 | D:9      | Found a bloodstained altar of Trog.
  7623 | D:9      | Noticed a two-headed ogre
  7624 | D:9      | 7624 ||| INVOKING Heroism.
  7627 | D:9      | Killed a two-headed ogre
  7718 | D:9      | Found a burning altar of Makhleb.
  7730 | D:9      | 7730 ||| READING 2 scrolls of identify.
  7730 | D:9      | 7730 ||| IDENTIFYING sedimented brown potion
  7734 | D:9      | Found a broken altar of Ashenzari.
  7739 | D:9      | Reached skill level 9 in Fighting
  7895 | D:9      | 7895 ||| PLANNING LAIR
  7895 | D:9      | 7895 ||| READING scroll labelled ZOALEETH PIAF.
  7911 | Lair:1   | Entered Level 1 of the Lair of Beasts
  7913 | Lair:1   | Reached ***** piety under Okawaru
  7914 | Lair:1   | Reached XP level 11. HP: 97/97 MP: 15/15
  7979 | Lair:1   | 7979 ||| INVOKING Heroism.
  8024 | Lair:1   | 8024 ||| INVOKING Heroism.
  8146 | Lair:1   | 8146 ||| INVOKING Heroism.
  8222 | Lair:1   | 8222 ||| INVOKING Heroism.
  8250 | Lair:1   | 8250 ||| INVOKING Heroism.
  8259 | Lair:1   | Received a gift from Okawaru
  8323 | Lair:1   | 8323 ||| INVOKING Heroism.
  8365 | Lair:1   | Reached skill level 14 in Ranged Weapons
  8394 | Lair:1   | Noticed Harold
  8395 | Lair:1   | 8395 ||| INVOKING Heroism.
  8396 | Lair:1   | 8396 ||| Stepping ~*~*~tactically~*~*~ (outnumbered).
  8403 | Lair:1   | Killed Harold
  8470 | Lair:1   | 8470 ||| INVOKING Heroism.
  8586 | Lair:1   | 8586 ||| INVOKING Heroism.
  8592 | Lair:1   | Reached skill level 9 in Invocations
  8765 | Lair:1   | 8765 ||| READING scroll labelled REHEAMAINNE.
  8892 | Lair:2   | 8892 ||| READING scroll of enchant weapon.
  8892 | Lair:2   | 8892 ||| ENCHANTING +2 heavy hand crossbow.
  8998 | Lair:2   | Found a staircase to the Swamp.
  8999 | Lair:2   | 8999 ||| Stepping ~*~*~tactically~*~*~ (outnumbered).
  9000 | Lair:2   | 9000 ||| INVOKING Heroism.
  9134 | Lair:2   | Noticed Maggie
  9136 | Lair:2   | Killed Maggie
  9144 | Lair:2   | Noticed a skyshark
  9150 | Lair:2   | 9150 ||| INVOKING Heroism.
  9153 | Lair:2   | Killed a skyshark
  9314 | Lair:2   | Noticed Fannar
  9323 | Lair:2   | Killed Fannar
  9324 | Lair:2   | Reached XP level 12. HP: 95/106 MP: 18/18
  9360 | Lair:2   | 9360 ||| READING scroll of enchant weapon.
  9360 | Lair:2   | 9360 ||| ENCHANTING +3 heavy hand crossbow.
  9374 | Lair:2   | 9374 ||| READING scroll of enchant armour.
  9374 | Lair:2   | 9374 ||| ENCHANTING +1 pair of boots of stealth.
  9385 | Lair:2   | 9385 ||| READING scroll of enchant armour.
  9385 | Lair:2   | 9385 ||| ENCHANTING +1 cloak.
  9451 | Lair:2   | Found a hole to the Spider Nest.
  9476 | Lair:2   | 9476 ||| INVOKING Heroism.
  9477 | Lair:2   | Received a gift from Okawaru
  9500 | Lair:2   | 9500 ||| DROPPING +3 arbalest of freezing.
  9531 | Lair:2   | 9531 ||| INVOKING Heroism.
  9766 | Lair:2   | Reached skill level 15 in Ranged Weapons
 10033 | Lair:3   | 10033 ||| INVOKING Heroism.
 10046 | Lair:3   | Identified the +0 robe of Uqal {MP+9}
 10152 | Lair:3   | Reached skill level 9 in Dodging
 10200 | Lair:3   | 10200 ||| INVOKING Heroism.
 10234 | Lair:3   | 10234 ||| INVOKING Heroism.
 10251 | Lair:3   | Identified the +2 hat of Inevitability {Harm rF+ rN+ Dex+3}
                  | (Okawaru gifted it to you on level 3 of the Lair of Beasts)
 10251 | Lair:3   | Received a gift from Okawaru
 10665 | Lair:3   | 10665 ||| DROPPING +0 robe of Uqal {MP+9}.
 10747 | Lair:4   | Found a viscous altar of Jiyva.
 10747 | Lair:4   | Noticed Nessos
 10748 | Lair:4   | 10748 ||| INVOKING Finesse.
 10763 | Lair:4   | HP: 25/106 [something (9)]
 10764 | Lair:4   | 10764 ||| DRINKING potion of curing.
 10764 | Lair:4   | 10764 ||| (to cure poison)
 10764 | Lair:4   | HP: 7/106 [something (8)]
 10765 | Lair:4   | HP: 1/106 [poisoned by Nessos]
 10765 | Lair:4   | Shot with an arrow by something

Levels and vault maps discovered:
D:1:      dpeg_arrival_tiny_a, layout_loops_corners
D:2:      layout_basic, basic_altar, shapermc_ecumenical_altar_mp_vishouse
D:3:      layout_loops_cross
D:4:      layout_basic, nicolae_overflow_hidden_temple, chei_slow_surprise,
          nicolae_vehumet_altar_sigil, hellmonk_ghost_happy_afterlife
D:5:      layout_loops_ring, nicolae_wooded_promenade, minmay_puff
D:6:      layout_loops_ring, uniq_grinder, uniq_menkaure, uniq_sigmund,
          uniq_eustachio
D:7:      layout_rooms, minmay_temple_entry_large_hall, st_stairs_9
D:8:      layout_gridville, gammafunk_ghost_hydra_chop,
          hangedman_abyss_or_decor_lesser_grid, minmay_door_square
D:9:      layout_cave_pools, mainiacjoe_overflow_large_starburst,
          trog_three_pillars_becter, minmay_lair_entry_grove
Lair:1:   layout_roguey, uniq_harold
Lair:2:   layout_chaotic_city, minmay_swamp_entry_worms, dummy_spider_entry,
          beast_lair_carwin_7, serial_bayou_shore_b, grunt_megastairs_5,
          uniq_maggie, uniq_fannar
Lair:3:   layout_regular_city, serial_bayou_shore_b
Lair:4:   layout_cave_pods, nicolae_slime_entry_field_trip,
          ebering_ghost_inner_flame, special_room [special_room_mythical_zoo],
          columned_hall_lemuel, lemuel_fruit_fields, infiniplex_staircase_pool,
          uniq_nessos, uniq_kirke

Skill      XL: |  1  2  3  4  5  6  7  8  9 10 11 12 |
---------------+-------------------------------------+-----
Ranged Weapons | 3 4 5 6 7 9 12 13 14 15 | 15.6
Fighting       | 2 3 4 6 7 9 10 | 10.0
Armour         | 1 2 3 4 |  4.0
Invocations    | 2 4 6 9 10 | 10.0
Dodging        | 3 4 6 7 8 9 |  9.1
Spellcasting   | |  1.0
Hexes          | |  2.0

Action                     |  1- 3 |  4- 6 |  7- 9 | 10-12 || total
---------------------------+-------+-------+-------+-------++-------
   Fire: Sling             |   138 |   169 |    97 |       ||   404
         Orcbow            |       |       |    81 |       ||    81
         Hand crossbow     |       |       |    52 |   286 ||   338
 Invoke: Heroism           |       |     3 |     9 |    19 ||    31
         Finesse           |       |       |       |     1 ||     1
    Use: Scroll            |     4 |     4 |     9 |     9 ||    26
         Potion            |       |       |     1 |     3 ||     4
 Armour: Robe              |     9 |       |       |       ||     9
         Ring mail         |     2 |    38 |    66 |       ||   106
         Leather armour    |     1 |       |     7 |    38 ||    46
  Dodge: Dodged            |    41 |    55 |    81 |   168 ||   345
  Block: Other             |       |     3 |    29 |    47 ||    79
         Reflection        |       |       |     1 |     2 ||     3

Table legend:
 A = Non-vault XP
 B = Vault XP
 C = Vault XP percentage of total XP
 D = Non-vault monster count
 E = Vault monster count
 F = Vault count percentage of total count
                 A         B        C        D         E       F
            +---------+---------+-------+---------+---------+-------
      Total |   20672 |   10024 |  32.7 |     235 |      52 |  18.1
            +---------+---------+-------+---------+---------+-------
        D:1 |      35 |       0 |   0.0 |      21 |       0 |   0.0
        D:2 |      51 |       0 |   0.0 |      19 |       0 |   0.0
        D:3 |     136 |       0 |   0.0 |      21 |       0 |   0.0
        D:4 |     458 |       5 |   1.1 |      24 |       1 |   4.0
        D:5 |     473 |      55 |  10.4 |      18 |       5 |  21.7
        D:6 |    1092 |     866 |  44.2 |      17 |       4 |  19.0
        D:7 |    1198 |     265 |  18.1 |      19 |       4 |  17.4
        D:8 |    2130 |       0 |   0.0 |      21 |       0 |   0.0
        D:9 |    1906 |    2252 |  54.2 |      23 |      13 |  36.1
     Lair:1 |    6513 |     902 |  12.2 |      25 |       1 |   3.8
     Lair:2 |    2356 |    5556 |  70.2 |       9 |      21 |  70.0
     Lair:3 |    3855 |       0 |   0.0 |      14 |       0 |   0.0
     Lair:4 |     469 |     123 |  20.8 |       4 |       3 |  42.9
            +---------+---------+-------+---------+---------+-------
